 Dungeon Crawl Stone Soup version 0.19.4-8-ga85b6b9 (webtiles) character file.

172 empire the Covered (level 5, -3/47 HPs)
             Began as a Minotaur Fighter on Feb 10, 2017.
             Slain by a gnoll
             ... wielding a +0 whip
              (7 damage)
             ... on level 3 of the Dungeon.
             The game lasted 00:02:44 (1459 turns).

empire the Covered (Minotaur Fighter)               Turns: 1459, Time: 00:02:44

Health: -3/47      AC:  7    Str: 21    XL:     5   Next: 27%
Magic:  4/4        EV:  9    Int:  3    God:
Gold:   60         SH:  0    Dex: 17    Spells: 0 memorised, 4 levels left

rFire  . . .     SeeInvis .     b - +0 great sword
rCold  . . .     Gourm    .     p - +0 scale mail
rNeg   . . .     Faith    +     (shield currently unavailable)
rPois  .         Spirit   .     (helmet restricted)
rElec  .         Reflect  .     (no cloak)
rCorr  +         Harm     .     (no gloves)
MR     .....                    (no boots)
Stlth  ..........               s - amulet of faith
                                o - +3 ring of dexterity
                                j - ring of resist corrosion

@: no status effects
A: retaliatory headbutt, horns 2, agile 2, dopey 1
a: no special abilities


You were on level 3 of the Dungeon.
You were not hungry.

You visited 1 branch of the dungeon, and saw 3 of its levels.

You collected 60 gold pieces.

Inventory:

Hand Weapons
 a - a +0 long sword
 b - a +0 great sword (weapon)
Armour
 c - a +0 shield
 p - a +0 scale mail (worn)
Jewellery
 j - a ring of resist corrosion (left hand)
 o - a +3 ring of dexterity (right hand)
 s - an amulet of faith (around neck)
Scrolls
 e - a scroll of blinking {unknown}
 h - 2 scrolls of remove curse {unknown}
 l - a scroll of noise {unknown}
 r - 2 scrolls of identify {unknown}
 t - 2 scrolls of teleportation {unknown}
Potions
 d - a potion of might
 m - a potion of agility {unknown}
 q - a potion of curing {unknown}
 u - a potion of brilliance {unknown}
Comestibles
 f - 3 bread rations
 g - 4 fruits
 k - a slice of pizza
 n - a beef jerky
 v - 3 chunks of flesh


   Skills:
 + Level 4.7 Fighting
 + Level 3.8 Long Blades
 + Level 4.9 Armour
 + Level 4.7 Shields


You had 4 spell levels left.
You didn't know any spells.

Dungeon Overview and Level Annotations

Branches:
Dungeon (3/15)

Altars:


Innate Abilities, Weirdness & Mutations

You reflexively headbutt those who attack you in melee.
You have a pair of horns on your head.
You are very agile. (Dex +4)
You are dopey. (Int -2)


Message History

The kobold hits you but does no damage. The gnoll closely misses you.
Your scale mail prevents you from hitting the kobold.
The gnoll hits you but does no damage. The kobold barely misses you.
The gnoll hits you but does no damage.
The gnoll hits you from afar with a spear.
* * * LOW HITPOINT WARNING * * *
The kobold barely misses you.
You riposte.
You closely miss the kobold. You barely miss the kobold.
The gnoll hits you but does no damage.
The gnoll hits you from afar with a spear!
* * * LOW HITPOINT WARNING * * *
The kobold barely misses you. You furiously retaliate!
You headbutt the kobold!
You kill the kobold!
The gnoll barely misses you. You furiously retaliate!
You headbutt the gnoll.
You kill the gnoll!
The gnoll hits you but does no damage.
Okay, then.
It was a potion of mutation.
You feel extremely strange.
You feel agile.
You feel stupid.
You feel agile. The gnoll hits you with a whip!
You die...

####.## .......
...?... .......
....... .......
.......#########
......gg@......#
.......##).....#
..##.#. #......#
# #. #......# ..
#.##......#
#.#.#.##......#
...#.##......#
#..#.##......#
#..#.##......#


You could see 2 gnolls.

Vanquished Creatures
  The ghost of JNO the Charlatan, an amateur HuAr (D:3)
  Ijyb (D:2)
  2 gnolls (D:3)
  An ooze (D:2)
  A worm (D:3)
  A dart slug (D:1)
  3 giant cockroaches
  3 goblins
  4 hobgoblins (D:1)
  9 kobolds
  7 bats
  3 frilled lizards
  8 rats
44 creatures vanquished.

Notes
Turn   | Place    | Note
-------+----------+-------------------------------------------
     0 | D:1      | empire the Minotaur Fighter began the quest for the Orb.
     0 | D:1      | Reached XP level 1. HP: 19/19 MP: 0/0
    70 | D:1      | Reached XP level 2. HP: 18/27 MP: 1/1
   790 | D:2      | Reached XP level 3. HP: 33/33 MP: 2/2
   948 | D:2      | Noticed Ijyb
   955 | D:2      | Killed Ijyb
  1417 | D:3      | Reached XP level 4. HP: 40/40 MP: 3/3
  1439 | D:3      | Noticed JNO's ghost (amateur HuAr)
  1451 | D:3      | Killed JNO's ghost
  1451 | D:3      | Reached XP level 5. HP: 26/47 MP: 4/4
  1459 | D:3      | Gained mutation: You are agile. (Dex +2) [potion of mutation]
  1459 | D:3      | Gained mutation: You are dopey. (Int -2) [potion of mutation]
  1459 | D:3      | Gained mutation: You are very agile. (Dex +4) [potion of mutation]
  1459 | D:3      | Slain by a gnoll

Skill      XL: |  1  2  3 |
---------------+----------+-----
Shields        | 4 |  4.7
Fighting       | 4 |  4.7
Long Blades    | 3 |  3.8
Armour         | 4 |  4.9

Action                   |  1- 3 |  4- 6 || total
-------------------------+-------+-------++-------
Melee: Long sword        |    56 |       ||    56
       Headbutt          |     6 |     2 ||     8
       Great sword       |    12 |    19 ||    31
  Use: Potion            |       |     1 ||     1
  Eat: Chunk             |     2 |       ||     2
Armor: Scale mail        |    21 |    20 ||    41
Dodge: Dodged            |    33 |    19 ||    52
Block: Shield            |    33 |       ||    33
       Rpst.: Long sword |     8 |       ||     8
       Great sword       |     4 |     5 ||     9
